 Seeded DCSS version 0.26-a0-634-gb8a88fe (webtiles) character file.

Game seed: 5450469390002356932 (custom seed)

11 RonnieColeman the Vexing (level 2, 20/20 HPs)
             Began as a Demigod Enchanter on Sept 13, 2020.
             Got out of the dungeon alive.
             The game lasted 00:02:01 (387 turns).

RonnieColeman the Vexing (Demigod Enchanter)         Turns: 387, Time: 00:02:02

Health: 20/20      AC:  2    Str: 11    XL:     2   Next: 3%
Magic:  7/7        EV: 12    Int: 19    God:
Gold:   22         SH:  0    Dex: 16    Spells: 4/5 levels left

rFire    . . .     SeeInvis .   a - +1 dagger
rCold    . . .     Faith    .   (no shield)
rNeg     . . .     Spirit   .   b - +0 robe
rPois    .         Reflect  .   (no helmet)
rElec    .         Harm     .   (no cloak)
rCorr    .         Rampage  .   (no gloves)
MR       .....                  (no boots)
Stlth    ++........             (no amulet)
HPRegen  0.06/turn              (no ring)
MPRegen  0.10/turn              (no ring)

@: no status effects
A: high mp 1
a: no special abilities


You escaped.
You visited 1 branch of the dungeon, and saw 1 of its levels.

You collected 22 gold pieces.

Inventory:

Hand Weapons
 a - a +1 dagger (weapon)
Armour
 b - a +0 robe (worn)
Scrolls
 d - a scroll of enchant weapon {unknown}
Potions
 c - a potion of degeneration {unknown}


   Skills:
 - Level 0.8 Short Blades
 - Level 1.7 Dodging
 - Level 2.6 Stealth
 * Level 2.2 Spellcasting
 + Level 2.9 Hexes


You had 4 spell levels left.
You knew the following spells:

 Your Spells              Type           Power        Failure   Level
a - Corona                Hex            ##.....      4%          1

Your spell library contained the following spells:

 Spells                   Type           Power        Failure   Level
 Ensorcelled Hibernation  Hex/Ice        #.....       14%         2
 Confusing Touch          Hex            ##......     14%         3
 Tukima's Dance           Hex            ##......     14%         3
 Dazzling Flash           Conj/Hex       #.....       26%         3


Dungeon Overview and Level Annotations

Branches:
Dungeon (1/15)


Innate Abilities, Weirdness & Mutations

You have an increased reservoir of magic. (+10% MP)


Message History

Found 22 arrows.
A rat comes into view.
Found a scroll labeled KUYVVY WORHENG.
The helpless hobgoblin fails to defend itself.
You puncture the hobgoblin!
You kill the hobgoblin!
You have reached level 2!
The rat barely misses you.
You closely miss the rat. The rat bites you but does no damage.
You hit the rat.
You kill the rat!
No target in view!
A bat comes into view.
Things that are here:
a +0 club; a hobgoblin corpse Unknown command.
Unknown command.
There is a staircase leading out of the dungeon here.
Are you sure you want to leave the Dungeon?
This will make you lose the game!
You have escaped!

#........#...#.......
#...#######.#######.. #...#
##.......##
#...###.........##
####...##...........##
#......#.............#
#.##..##.............#
#.#..#§#.............#≈ .#...
#...#≈§≈......@......§≈§#...>
#....#≈#.............#§#....#
##....##.............##..#. .
##....#.............#.... .##
##...##...........##...# ..
#...###.........###...# ..
#...# ##.......## #...#####.
##..#######.#######.........
#.......#...#..^.....###..)


There were no monsters in sight!

Vanquished Creatures
  2 giant cockroaches (D:1)
  A goblin (D:1)
  A hobgoblin (D:1)
  3 kobolds (D:1)
  2 frilled lizards (D:1)
  A rat (D:1)
10 creatures vanquished.

Vanquished Creatures (others)
  A plant (D:1)
1 creature vanquished.

Grand Total: 11 creatures vanquished

Notes
Turn   | Place    | Note
-------+----------+-------------------------------------------
     0 | D:1      | RonnieColeman the Demigod Enchanter began the quest for the
                  | Orb.
     0 | D:1      | Reached XP level 1. HP: 14/14 MP: 5/5
   357 | D:1      | Reached XP level 2. HP: 20/20 MP: 7/7
   387 | D:$      | Got out of the dungeon alive.

Illustrated notes

Levels and vault maps discovered:
D:1:      psy_arrival_dodecagon, layout_basic, serial_forest,
          infiniplex_forest_corner_1, infiniplex_forest_side_room,
          infiniplex_forest_clump_medium, infiniplex_forest_lined_2,
          infiniplex_forest_end_1, infiniplex_forest_end_1,
          infiniplex_forest_fountain, infiniplex_forest_lined_1,
          infiniplex_forest_clump_tiny, corexii_hall_statues_x,
          minmay_misc_feat_tiny, bh_walls_and_bars

Skill      XL: |  1 |
---------------+----+-----
Spellcasting   | 2 |  2.2
Short Blades   | |  0.8
Dodging        | |  1.7
Stealth        | |  2.6
Hexes          | |  2.9

Action                   || total
-------------------------++-------
Melee: Dagger            ||    25
 Cast: Corona            ||     8
 Stab: Sleeping          ||     1
Armor: Robe              ||     4
Dodge: Dodged            ||    17

Table legend: (Time is in decaauts)
 A = Elapsed time spent in this place.
 B = Non-inter-level travel time spent in this place.
 C = Inter-level travel time spent in this place.
 D = Time resting spent in this place.
 E = Time spent auto-exploring this place.
 F = Levels seen in this place.
 G = Mean time per level.
                   A        B        C        D        E       F      G
               +--------+--------+--------+--------+--------+-----+--------+
         Total |    386 |    386 |      0 |     79 |    208 |   1 |  386.0 |
       Dungeon |    386 |    386 |      0 |     79 |    208 |   1 |  386.0 |
               +--------+--------+--------+--------+--------+-----+--------+

Top non-repeatable levels by time:
     D:1: 386 daAuts
